 Dungeon Crawl Stone Soup version 0.30.1-9-gdf580d7c3d (webtiles) character file.

Game seed: 15509231357991913926

31 Peloso the Trooper (level 3, 33/33 HPs)
             Began as a Minotaur Fighter on Oct 12, 2023.
             Got out of the dungeon alive.
             The game lasted 00:01:25 (1083 turns).

Peloso the Trooper (Minotaur Fighter)               Turns: 1083, Time: 00:01:26

Health: 33/33      AC:  9    Str: 20    XL:     3   Next: 7%
Magic:  2/2        EV:  7    Int:  5    God:
Gold:   50         SH:  4    Dex: 11    Spells: 2/2 levels left

rFire   . . .        a - +0 long sword
rCold   . . .        d - +0 buckler
rNeg    . . .        c - +0 chain mail
rPois   .            (helmet restricted)
rElec   .            (no cloak)
rCorr   .            (no gloves)
SInv    .            (no boots)
Will    .....        (no amulet) Stlth
                     (no ring)
HPRegen 0.25/turn    (no ring)
MPRegen 0.08/turn

%: no passive effects
@: no status effects
A: horns 2, retaliatory headbutt, evolution 1, inability to drink after injury 1
a: no special abilities


You escaped.
You visited 1 branch of the dungeon, and saw 1 of its levels.

You collected 50 gold pieces.

Inventory:

Hand Weapons
 a - a +0 long sword (weapon)
Armour
 b - a +0 scale mail
 c - a +0 chain mail (worn)
 d - a +0 buckler (worn)
Scrolls
 e - 2 scrolls of torment {unknown}
 i - a scroll of enchant armour {unknown}
Potions
 f - a potion of might
 h - a potion of heal wounds {unknown}
 j - a potion of experience {unknown}


   Skills:
 + Level 4.3 Fighting
 + Level 2.8 Long Blades
 + Level 4.0 Armour
 + Level 0.4 Dodging
 + Level 3.8 Shields


You had 2 spell levels left.
You didn't know any spells.
Your spell library contained the following spells:

 Spells                   Type           Power      Damage    Failure   Level
 Cigotuvi's Dreadful Rot  Necr/Pois/Air  0%         N/A       100%        2
 Ignite Poison            Fire/Tmut/Pois 0%         N/A       100%        3
 Freezing Cloud           Conj/Ice/Air   0%         6-21      100%        5


Dungeon Overview and Level Annotations

Branches:
Dungeon (1/15)

Altars:


Innate Abilities, Weirdness & Mutations

You have a pair of horns on your head.
You reflexively headbutt those who attack you in melee.
You have hidden genetic potential.
You occasionally lose the ability to drink potions when taking damage.


Message History

Things that are here:
a +0 dagger; a ball python corpse As you open the door, it creaks loudly!
There is an open door here.
Things that are here:
a +0 dagger; a ball python corpse
Found an escape hatch in the floor.
There is an escape hatch in the floor here.
You now have 50 gold pieces (gained 17).
j - a fizzy inky potion
Found a pair of gloves.
You see here a +0 pair of gloves.
You open the door.
There is an open door here.
A rat comes into view.
A rat is nearby!
A rat is nearby!
You hit the rat but do no damage. You block the rat's attack.
You barely miss the rat. You headbutt the rat.
You kill the rat!
Done exploring.
Done exploring.
Done exploring.
You see here a +0 club.
You open the door.
There is an open door here.
There is an open door here.
Done exploring.
Done exploring.
Done exploring.
It was a potion of mutation.
You feel extremely strange.
You occasionally lose the ability to drink potions when taking damage.
You feel a hidden potential growing inside you.
(D) Dungeon
Where to? (Enter - D:1 @ (x,y), ? - help)
What level of the Dungeon? (default 1, ? - help)
There is an open door here.
There is a staircase leading out of the dungeon here.
Are you sure you want to leave the Dungeon?
This will make you lose the game!
You have escaped!

#..#.#.#####.#.#........# #....
##.#.#.#####.#.#.....)..# #....
#............#.#........# #....
#..#.#.#######.#........########.
####.#.........##########...# ##
...#.####################...#
##.#.# #.........#...# ...#.#
#...###...#...# ####.#####
#.@.#.#...'...# .........#
#...###...#...# #........#
#.........#...# # #........#
###########...##### ##########
#...'...+..#. # #.###...##.#. #
#.#......#.#. # #########
#.##.......#. # #.......#
#.###....##..


There were no monsters in sight!

Vanquished Creatures
  A dart slug (D:1)
  3 bats (D:1)
  5 endoplasms (D:1)
  6 goblins (D:1)
  A hobgoblin (D:1)
  A quokka (D:1)
  4 ball pythons (D:1)
  2 frilled lizards (D:1)
  5 rats (D:1)
28 creatures vanquished.

Notes
Turn   | Place    | Note
-------+----------+-------------------------------------------
     0 | D:1      | Peloso the Minotaur Fighter began the quest for the Orb.
     0 | D:1      | Reached XP level 1. HP: 19/19 MP: 0/0
    84 | D:1      | Reached XP level 2. HP: 24/27 MP: 1/1
   662 | D:1      | Reached XP level 3. HP: 33/33 MP: 2/2
  1052 | D:1      | Gained mutation: You occasionally lose the ability to drink
                  | potions when taking damage. [potion of mutation]
  1052 | D:1      | Gained mutation: You have hidden genetic potential. [potion
                  | of mutation]
  1083 | D:$      | Got out of the dungeon alive.

Illustrated notes

Levels and vault maps discovered:
D:1:      nicolae_arrival_memento_mori, layout_basic, minmay_pentomino_z4

Skill      XL: |  1  2 |
---------------+-------+-----
Fighting       | 4 |  4.3
Armour         | 4 |  4.0
Long Blades    | |  2.8
Dodging        | |  0.4
Shields        | |  3.8

Action                     || total
---------------------------++-------
  Melee: Long sword        ||    51
         Headbutt          ||     9
    Use: Potion            ||     1
 Armour: Scale mail        ||    11
         Chain mail        ||    22
  Dodge: Dodged            ||    14
  Block: Buckler           ||    14
